MLB
TAMPA BAY RAYS @ BALTIMORE ORIOLES
04/28/2099
 
TOP OF THE 1ST
Tampa Bay Rays batting - Pitching for Baltimore Orioles : RHP Brent Brzezinski
Pitching: RHP Brent Brzezinski
Batting: SHB Jorge Ramos 0-0: Foul Ball, location: 2F
0-1: Fly out, F7 (Flyball, 78S, EV 95.6 MPH)
Batting: RHB Jamie Huggins 0-0: Ball
1-0: Ball
2-0: Ball
3-0: Called Strike
3-1: Called Strike
3-2: Strikes out looking
Batting: RHB Pedro Porras 0-0: Ball
1-0: Foul Ball, location: 2F
1-1: Swinging Strike
1-2: Ball
2-2: Strikes out swinging
Top of the 1st over - 0 runs, 0 hits, 0 errors, 0 left on base; Tampa Bay 0 - Baltimore 0
BOTTOM OF THE 1ST
Baltimore Orioles batting - Pitching for Tampa Bay Rays : LHP Mike Garrett
Pitching: LHP Mike Garrett
Batting: RHB Travis Darling 0-0: Ball
1-0: Foul Ball, location: 3FF
1-1: Fly out, F3 (Popup, 3SF, EV 86.3 MPH)
Batting: LHB Jerry Peterson 0-0: Ball
1-0: Called Strike
1-1: Ball
2-1: Ground out U3 (Groundball, 3S, EV 61.3 MPH)
Batting: RHB Eduardo Lopez 0-0: Fly out, F7 (Line Drive, 7S, EV 97.5 MPH)
Bottom of the 1st over - 0 runs, 0 hits, 0 errors, 0 left on base; Tampa Bay 0 - Baltimore 0
TOP OF THE 2ND
Tampa Bay Rays batting - Pitching for Baltimore Orioles : RHP Brent Brzezinski
Batting: RHB Kevin Schulz 0-0: Ball
1-0: Ball
2-0: Called Strike
2-1: Fly out, F2 (Popup, 2RF, EV 85.6 MPH)
Batting: RHB Dave Taylor 0-0: Ball
1-0: Ball
2-0: Foul Ball, location: 3DF
2-1: Swinging Strike
2-2: Foul Ball, location: 23F
2-2: Strikes out swinging
Batting: LHB Ray Behm 0-0: Ball
1-0: Swinging Strike
1-1: Called Strike
1-2: Foul Ball, location: 2F
1-2: Ball
2-2: Strikes out swinging
Top of the 2nd over - 0 runs, 0 hits, 0 errors, 0 left on base; Tampa Bay 0 - Baltimore 0
BOTTOM OF THE 2ND
Baltimore Orioles batting - Pitching for Tampa Bay Rays : LHP Mike Garrett
Batting: RHB Jonathan Skye 0-0: Ball
1-0: Foul Ball, location: 5F
1-1: Ball
2-1: Swinging Strike
2-2: Fly out, F7 (Flyball, 78S, EV 80.6 MPH)
Batting: LHB Kenny West 0-0: Ball
1-0: Ball
2-0: Called Strike
2-1: Called Strike
2-2: Foul Ball, location: 3FF
2-2: Ball
3-2: Base on Balls
Batting: LHB Nate Wagner 0-0: Called Strike
Kenny West steals 2nd base
0-1: SINGLE (Line Drive, 7S, EV 91.3 MPH)
Kenny West to third
Batting: RHB Danny Haner 0-0: Called Strike
0-1: Ball
1-1: Reached on error, E4 (Groundball, 4MD, EV 96.3 MPH)
Nate Wagner to second
Batting: LHB Dave Schwabe 0-0: Called Strike
0-1: Ball
1-1: Ball
2-1: Ball
3-1: Base on Balls
Kenny West scores
Nate Wagner to third
Danny Haner to second
Batting: SHB Josh Osborne 0-0: Called Strike
0-1: Fly out, F8 (Line Drive, 8LD, EV 102.5 MPH)
Runner from 3rd tags up, OUT at HOME! 8-2
Bottom of the 2nd over - 1 run, 1 hit, 1 error, 2 left on base; Tampa Bay 0 - Baltimore 1
TOP OF THE 3RD
Tampa Bay Rays batting - Pitching for Baltimore Orioles : RHP Brent Brzezinski
Batting: RHB Dave Quintero 0-0: Called Strike
0-1: Ball
1-1: Fly out, F8 (Line Drive, 8RD, EV 90.6 MPH)
Batting: SHB Ryan Takach 0-0: Called Strike
0-1: Reached via error on a dropped throw from 1B, E1 (Groundball, 34, EV 86.9 MPH)
Batting: RHB Mark Fousek 0-0: Ball
1-0: Called Strike
1-1: Grounds into double play, 5-4-3 (Groundball, 56S, EV 90.0 MPH)
Top of the 3rd over - 0 runs, 0 hits, 1 error, 0 left on base; Tampa Bay 0 - Baltimore 1
BOTTOM OF THE 3RD
Baltimore Orioles batting - Pitching for Tampa Bay Rays : LHP Mike Garrett
Batting: RHB Travis Darling 0-0: Foul Ball, location: 3F
0-1: Ball
1-1: Ball
2-1: Ground out 5-3 (Groundball, 56S, EV 81.9 MPH)
Batting: LHB Jerry Peterson 0-0: Ball
1-0: Called Strike
1-1: Fly out, F2 (Popup, 25F, EV 83.8 MPH)
Batting: RHB Eduardo Lopez 0-0: Foul Ball, location: 5SF
0-1: Ball
1-1: Ball
2-1: Fly out, F3 (Popup, 3SF, EV 74.4 MPH)
Bottom of the 3rd over - 0 runs, 0 hits, 0 errors, 0 left on base; Tampa Bay 0 - Baltimore 1
TOP OF THE 4TH
Tampa Bay Rays batting - Pitching for Baltimore Orioles : RHP Brent Brzezinski
Batting: SHB Jorge Ramos 0-0: Foul Ball, location: 2F
0-1: Called Strike
0-2: Foul Ball, location: 2F
0-2: Reached via error on a dropped throw from 1B, E1 (Groundball, 34S, EV 87.5 MPH)
Batting: RHB Jamie Huggins 0-0: Bunted foul
0-1: Bunted foul
0-2: Ball
1-2: Fly out, F7 (Line Drive, 78M, EV 102.5 MPH)
Batting: RHB Pedro Porras 0-0: Foul Ball, location: 25FF
0-1: Ball
1-1: Swinging Strike
1-2: Ball
2-2: Strikes out swinging
Batting: RHB Kevin Schulz 0-0: Foul Ball, location: 5FF
0-1: Ball
1-1: Foul Ball, location: 2F
1-2: Foul Ball, location: 2F
1-2: Strikes out swinging
Top of the 4th over - 0 runs, 0 hits, 1 error, 1 left on base; Tampa Bay 0 - Baltimore 1
BOTTOM OF THE 4TH
Baltimore Orioles batting - Pitching for Tampa Bay Rays : LHP Mike Garrett
Batting: RHB Jonathan Skye 0-0: Fly out, F9 (Flyball, 9D, EV 93.1 MPH)
Batting: LHB Kenny West 0-0: Ball
1-0: Called Strike
1-1: Ball
2-1: Swinging Strike
2-2: Strikes out looking
Batting: LHB Nate Wagner 0-0: Foul Ball, location: 2F
0-1: Foul Ball, location: 2F
0-2: Ball
1-2: Ground out 5-3 (Groundball, 56S, EV 83.1 MPH)
Bottom of the 4th over - 0 runs, 0 hits, 0 errors, 0 left on base; Tampa Bay 0 - Baltimore 1
TOP OF THE 5TH
Tampa Bay Rays batting - Pitching for Baltimore Orioles : RHP Brent Brzezinski
Batting: RHB Dave Taylor 0-0: Ball
1-0: Foul Ball, location: 9LSF
1-1: Ball
2-1: Foul Ball, location: 7LDF
2-2: Foul Ball, location: 9LSF
2-2: Ball
3-2: Base on Balls
Batting: LHB Ray Behm 0-0: Sac Bunt to 2L - play at first, batter OUT! 2-3
Dave Taylor to second
Batting: RHB Dave Quintero 0-0: Called Strike
0-1: Ball
1-1: Ball
2-1: Called Strike
2-2: Ball
3-2: Foul Ball, location: 2F
3-2: Base on Balls
Batting: SHB Ryan Takach 0-0: Foul Ball, location: 25F
0-1: Ball
1-1: DOUBLE (Line Drive, 89M, EV 94.4 MPH)
Dave Taylor scores
Dave Quintero to third
Batting: RHB Mark Fousek 0-0: Ball
1-0: Swinging Strike
1-1: Foul Ball, location: 25F
1-2: Ball
2-2: Strikes out swinging
Batting: SHB Jorge Ramos 0-0: Called Strike
0-1: Ball
1-1: Ball
2-1: Swinging Strike
2-2: Foul Ball, location: 5FF
2-2: Strikes out looking
Top of the 5th over - 1 run, 1 hit, 0 errors, 2 left on base; Tampa Bay 1 - Baltimore 1
BOTTOM OF THE 5TH
Baltimore Orioles batting - Pitching for Tampa Bay Rays : LHP Mike Garrett
Batting: RHB Danny Haner 0-0: Called Strike
0-1: Fly out, F7 (Line Drive, 8LS, EV 93.1 MPH)
Batting: LHB Dave Schwabe 0-0: SINGLE (Line Drive, 7S, EV 90.0 MPH)
Batting: SHB Josh Osborne 0-0: Ball
1-0: Swinging Strike
1-1: Foul Ball, location: 25F
1-2: Foul Ball, location: 2F
1-2: Foul Ball, location: 5DF
1-2: Ball
2-2: Ball
3-2: SINGLE (Line Drive, 56D, EV 95.0 MPH)
Dave Schwabe to second
Batting: RHB Travis Darling 0-0: Ball
1-0: Called Strike
1-1: Ball
2-1: Swinging Strike
2-2: Fly out, F9 (Line Drive, 9S, EV 84.4 MPH)
Batting: LHB Jerry Peterson 0-0: Called Strike
0-1: Ground out 4-3 (Groundball, 4, EV 79.4 MPH)
Bottom of the 5th over - 0 runs, 2 hits, 0 errors, 2 left on base; Tampa Bay 1 - Baltimore 1
TOP OF THE 6TH
Tampa Bay Rays batting - Pitching for Baltimore Orioles : RHP Brent Brzezinski
Pitching: RHP Miguel Castro
Pinch Hitting: LHB George Elkins 0-0: Called Strike
0-1: Fly out, F9 (Flyball, 89S, EV 93.1 MPH)
Batting: RHB Pedro Porras 0-0: Fly out, F6 (Line Drive, 56, EV 65.6 MPH)
Batting: RHB Kevin Schulz 0-0: Ball
1-0: Foul Ball, location: 5F
1-1: Ball
2-1: Swinging Strike
2-2: Strikes out swinging
Top of the 6th over - 0 runs, 0 hits, 0 errors, 0 left on base; Tampa Bay 1 - Baltimore 1
BOTTOM OF THE 6TH
Baltimore Orioles batting - Pitching for Tampa Bay Rays : LHP Mike Garrett
Now at 3B: Steve Auclair
Batting: RHB Eduardo Lopez 0-0: Ground out 6-3 (Groundball, 56, EV 106.3 MPH)
Batting: RHB Jonathan Skye 0-0: Ball
1-0: Foul Ball, location: 25FF
1-1: Fly out, F8 (Flyball, 8RD, EV 103.1 MPH)
Batting: LHB Kenny West 0-0: Called Strike
0-1: Swinging Strike
0-2: Strikes out swinging
Bottom of the 6th over - 0 runs, 0 hits, 0 errors, 0 left on base; Tampa Bay 1 - Baltimore 1
TOP OF THE 7TH
Tampa Bay Rays batting - Pitching for Baltimore Orioles : RHP Miguel Castro
Batting: RHB Dave Taylor 0-0: Called Strike
0-1: Swinging Strike
0-2: Strikes out looking
Batting: LHB Ray Behm 0-0: Called Strike
0-1: Swinging Strike
0-2: Ball
1-2: Ball
2-2: Ball
3-2: Base on Balls
Pinch Hitting: LHB Bettino Sanguinacco 0-0: Ball
1-0: Fly out, F8 (Flyball, 8LXD, EV 99.4 MPH)
Batting: SHB Ryan Takach 0-0: Fly out, F8 (Line Drive, 8LD, EV 90.6 MPH)
Top of the 7th over - 0 runs, 0 hits, 0 errors, 1 left on base; Tampa Bay 1 - Baltimore 1
BOTTOM OF THE 7TH
Baltimore Orioles batting - Pitching for Tampa Bay Rays : LHP Mike Garrett
Now in LF: Jose Alcantar
Batting: LHB Nate Wagner 0-0: Ball
1-0: Foul Ball, location: 5F
1-1: Fly out, F8 (Flyball, 8LM, EV 86.3 MPH)
Batting: RHB Danny Haner 0-0: SINGLE (Groundball, 4MD, EV 97.5 MPH)
Batting: LHB Dave Schwabe 0-0: Fly out, F8 (Line Drive, 78D, EV 98.1 MPH)
Pinch Hitting: RHB Pedro Jimenez 0-0: Called Strike
0-1: Foul Ball, location: 9LSF
Balk!
Danny Haner to second
0-2: Foul Ball, location: 3F
0-2: Ball
1-2: Fly out, F3 (Popup, 3SF, EV 75.6 MPH)
Bottom of the 7th over - 0 runs, 1 hit, 0 errors, 1 left on base; Tampa Bay 1 - Baltimore 1
TOP OF THE 8TH
Tampa Bay Rays batting - Pitching for Baltimore Orioles : RHP Miguel Castro
Pitching: RHP Matt Gromaski
Now at SS: Lee Board
Batting: RHB Mark Fousek 0-0: Ball
1-0: Ball
2-0: Ball
3-0: Called Strike
3-1: Base on Balls
Batting: SHB Jorge Ramos 0-0: Ball
1-0: Ball
2-0: Fielders Choice at 2nd, 2-6 (Groundball, 13S, EV 65.6 MPH)
Batting: RHB Steve Auclair 0-0: Ball
1-0: Grounds into double play, 6-4-3 (Groundball, 6MD, EV 106.3 MPH)
Top of the 8th over - 0 runs, 0 hits, 0 errors, 0 left on base; Tampa Bay 1 - Baltimore 1
BOTTOM OF THE 8TH
Baltimore Orioles batting - Pitching for Tampa Bay Rays : LHP Mike Garrett
Batting: RHB Travis Darling 0-0: Ball
1-0: Ball
2-0: Ball
3-0: Base on Balls
Batting: LHB Jerry Peterson 0-0: Ball
1-0: Ball
2-0: Foul Ball, location: 3F
2-1: Ball
3-1: Base on Balls
Travis Darling to second
Batting: RHB Eduardo Lopez 0-0: Swinging Strike
0-1: Swinging Strike
0-2: Fly out, F8 (Flyball, 8RM, EV 90.6 MPH)
Batting: RHB Jonathan Skye 0-0: Called Strike
0-1: Fly out, F8 (Flyball, 8RD, EV 86.3 MPH)
Batting: LHB Kenny West 0-0: Ball
1-0: Ground out U3 (Groundball, 34, EV 85.6 MPH)
Bottom of the 8th over - 0 runs, 0 hits, 0 errors, 2 left on base; Tampa Bay 1 - Baltimore 1
TOP OF THE 9TH
Tampa Bay Rays batting - Pitching for Baltimore Orioles : RHP Matt Gromaski
Batting: RHB Pedro Porras 0-0: Ball
1-0: Ball
2-0: Foul Ball, location: 3F
2-1: Foul Ball, location: 7LMF
2-2: Foul Ball, location: 7LSFF
2-2: Foul Ball, location: 23F
2-2: Ball
3-2: Foul Ball, location: 2F
3-2: Base on Balls
Pitching: RHP Roger Diaz
Batting: RHB Kevin Schulz 0-0: Grounds into double play, 6-4-3 (Groundball, 56, EV 98.8 MPH)
Batting: RHB Dave Taylor 0-0: Called Strike
0-1: Called Strike
0-2: Ball
1-2: Strikes out swinging
Top of the 9th over - 0 runs, 0 hits, 0 errors, 0 left on base; Tampa Bay 1 - Baltimore 1
BOTTOM OF THE 9TH
Baltimore Orioles batting - Pitching for Tampa Bay Rays : LHP Mike Garrett
Pitching: RHP Manny Rice
Batting: LHB Nate Wagner 0-0: Ball
1-0: SINGLE (Line Drive, 56D, EV 95.6 MPH)
Batting: RHB Danny Haner 0-0: Bunted foul
0-1: Ball
1-1: Ground out 5-3 (Groundball, 25, EV 70.6 MPH)
Nate Wagner to second
Batting: LHB Dave Schwabe 0-0: Intentional Walk
Batting: RHB Lee Board 0-0: Foul Ball, location: 2F
0-1: Called Strike
0-2: Ball
1-2: Fielders Choice at 2nd, 3-6 (Groundball, 34, EV 80.0 MPH)
Nate Wagner to third
Batting: RHB Travis Darling 0-0: Ball
1-0: Swinging Strike
1-1: Hit by Pitch
Lee Board to second
Pitching: LHP Jonathan Wells
Batting: LHB Jerry Peterson 0-0: Called Strike
0-1: Ground out U3 (Groundball, 13, EV 84.4 MPH)
Bottom of the 9th over - 0 runs, 1 hit, 0 errors, 3 left on base; Tampa Bay 1 - Baltimore 1
TOP OF THE 10TH
Tampa Bay Rays batting - Pitching for Baltimore Orioles : RHP Roger Diaz
Batting: LHB Ray Behm 0-0: Swinging Strike
0-1: SINGLE (Line Drive, 78S, EV 86.9 MPH)
Batting: LHB Jose Alcantar 0-0: Fly out, F8 (Flyball, 8LD, EV 98.8 MPH)
Batting: SHB Ryan Takach 0-0: Fly out, F5 (Popup, 5F, EV 81.3 MPH)
Pinch Hitting: RHB Cesar Escamilla 0-0: Fly out, F7 (Line Drive, 7LM, EV 90.0 MPH)
Top of the 10th over - 0 runs, 1 hit, 0 errors, 1 left on base; Tampa Bay 1 - Baltimore 1
BOTTOM OF THE 10TH
Baltimore Orioles batting - Pitching for Tampa Bay Rays : LHP Jonathan Wells
Pitching: RHP Jaden McCullough
Now at C: Cesar Escamilla
Batting: RHB Eduardo Lopez 0-0: Ball
1-0: Called Strike
1-1: Called Strike
1-2: Strikes out looking
Batting: RHB Jonathan Skye 0-0: Called Strike
0-1: Swinging Strike
0-2: Ball
1-2: Ball
2-2: Ball
3-2: Foul Ball, location: 3SF
3-2: DOUBLE (Flyball, 8RXD, EV 109.4 MPH)
Batting: LHB Kenny West 0-0: Called Strike
0-1: Ball
1-1: Foul Ball, location: 2F
Balk!
Jonathan Skye to third
1-2: Ball
2-2: Foul Ball, location: 2F
2-2: Foul Ball, location: 7LDF
2-2: Foul Ball, location: 7LSF
2-2: Foul Ball, location: 2F
2-2: Ball
3-2: Fly out, F8 (Flyball, 89M, EV 96.9 MPH)
Runner from 3rd tags up, SCORES, throw by CF
Bottom of the 10th over - 1 run, 1 hit, 0 errors, 0 left on base; Tampa Bay 1 - Baltimore 2
Saturday, May 4th , 2024 - OOTP Baseball 24.11 Build 85